[Event "24th European Women Club Cup 2019"]
[Site "Ulcinj"]
[Date "2019.11.12"]
[Round "3.27"]
[White "Federovski, Adi"]
[Black "Yakovleva, Tatiana"]
[Result "1-0"]
[ECO "B10"]
[WhiteElo "2005"]
[BlackElo "1942"]
[Annotator "NA"]
[PlyCount "85"]
[EventDate "2019.11.10"]
[EventType "team-tourn"]
[EventCountry "MNE"]
[SourceTitle "playchess.com"]
[Source "ChessBase"]
[SourceQuality "1"]
[WhiteTeam "Rishon Lezion"]
[BlackTeam "Hertzeliya"]
[TimeControl "40/5400+30:1800+30"]

1. e4 c6 2. Nc3 d5 3. Nf3 d4 4. Ne2 c5 5. d3 Nc6 6. g3 e5 7. Bg2 Nf6 8. O-O Be7 9. Ne1 O-O 10. f4 Bg4 11. h3 Bxe2 12. Qxe2 Rc8 13. Nf3 Nd7 14. f5 f6 15. h4 Qe8 16. g4 b5 17. g5 Nb6 18. Bh3 c4 19. Qg2 cxd3 20. cxd3 Nb4 21. Ne1 Rc7 22. g6 h6 23. Bg4 Qc8 24. Bd2 a5 25. Kh1 a4 26. Rg1 Nc2 27. Nxc2 Rxc2 28. Rgc1 b4 29. Bh5 Rxc1+ 30. Bxc1 Qd7 31. Bxh6 Rc8 32. Rg1 b3 33. axb3 axb3 34. Bc1 Rc2 35. Qg3 Qc7 36. Qe1 Kf8 37. Bd2 Rxb2 38. Bd1 Na4 39. h5 Nc3 40. h6 gxh6 41. Qh4 Nxd1 42. g7+ Kg8 43. Qxh6 1-0

[Event "24th European Women Club Cup 2019"]
[Site "Ulcinj"]
[Date "2019.11.12"]
[Round "3.28"]
[White "Lian, Marina"]
[Black "Vardi, Shlomit"]
[Result "1-0"]
[ECO "B06"]
[WhiteElo "1855"]
[BlackElo "1935"]
[Annotator "NA"]
[PlyCount "127"]
[EventDate "2019.11.10"]
[EventType "team-tourn"]
[EventCountry "MNE"]
[SourceTitle "playchess.com"]
[Source "ChessBase"]
[SourceQuality "1"]
[WhiteTeam "Hertzeliya"]
[BlackTeam "Rishon Lezion"]
[TimeControl "40/5400+30:1800+30"]

1. e4 d6 2. d4 g6 3. Nc3 Bg7 4. Be3 a6 5. Qd2 b5 6. h4 h6 7. f3 Nd7 8. g4 Bb7 9. a4 b4 10. Nd1 c5 11. c4 a5 12. Ne2 Qc7 13. Rc1 cxd4 14. Bxd4 e5 15. Bf2 Nc5 16. Qc2 Nf6 17. Bg2 h5 18. g5 Nfd7 19. b3 O-O 20. Ne3 Rac8 21. Rd1 Nb6 22. Rd2 Qe7 23. Nc1 Rfd8 24. Nd3 Qc7 25. O-O Ne6 26. Rfd1 Nd7 27. Qb2 Nf4 28. Bf1 Nc5 29. Nxc5 dxc5 30. Qc2 Bf8 31. Rxd8 Rxd8 32. Nd5 Nxd5 33. cxd5 Qd6 34. Rc1 Rc8 35. Qc4 Be7 36. Qb5 Rc7 37. Qxa5 f6 38. gxf6 Bxf6 39. Rxc5 Rf7 40. Rc1 Rc7 41. Rc5 Rf7 42. Qxb4 Kg7 43. Rb5 Qd7 44. Rb6 Bd8 45. Rb5 Ba6 46. Bg3 Rxf3 47. Bxe5+ Kh7 48. Bg2 Rf7 49. Rb8 Qg4 50. Qc3 Rf1+ 51. Kh2 Qxh4+ 52. Qh3 Qf2 53. Qd7+ Kh6 54. Bg7+ Kg5 55. Qxd8+ Kg4 56. Qd7+ Kg5 57. Qe7+ Kg4 58. Qe6+ Kh4 59. Qh3+ Kg5 60. Bd4 Qxd4 61. Qg3+ Kh6 62. Bxf1 Qd2+ 63. Bg2 Bf1 64. Rb6 1-0

[Event "24th European Women Club Cup 2019"]
[Site "Ulcinj"]
[Date "2019.11.13"]
[Round "4.1"]
[White "Shuvalova, Polina"]
[Black "Koneru, Humpy"]
[Result "1/2-1/2"]
[ECO "C42"]
[WhiteElo "2434"]
[BlackElo "2577"]
[Annotator "ChessBase"]
[PlyCount "76"]
[EventDate "2019.11.10"]
[EventType "team-tourn"]
[EventCountry "MNE"]
[SourceTitle "playchess.com"]
[Source "ChessBase"]
[SourceQuality "1"]
[WhiteTeam "Novy Bor"]
[BlackTeam "Cercle d`Echecs"]
[TimeControl "40/5400+30:1800+30"]

1. e4 e5 2. Nf3 Nf6 3. Nxe5 d6 4. Nf3 Nxe4 5. Qe2 Qe7 6. d3 Nf6 7. Bg5 Qxe2+ 8. Bxe2 Be7 9. Nc3 h6 10. Bd2 Bd7 11. O-O-O O-O 12. h3 Re8 13. Rde1 Bf8 14. a3 Nc6 15. Bd1 a6 16. Bf4 Ne7 17. Bh2 Ng6 18. Re3 c6 19. Rhe1 Rxe3 20. Rxe3 b5 21. Re1 Re8 22. Rxe8 Nxe8 23. Kd2 Be7 24. Be2 f5 25. d4 Kf7 26. Bd3 Bf6 27. Ne2 Ne7 28. h4 g5 29. hxg5 hxg5 30. Ne1 Be6 31. b3 c5 32. dxc5 dxc5 33. c4 bxc4 34. Bxc4 Bxc4 35. bxc4 Nc6 36. Nd3 Na5 37. Nxc5 Nxc4+ 38. Kd3 Nxa3 {[%emt 0:00:27] Kd4} 1/2-1/2

[Event "24th European Women Club Cup 2019"]
[Site "Ulcinj"]
[Date "2019.11.13"]
[Round "4.2"]
[White "Cramling, Pia"]
[Black "Bulmaga, Irina"]
[Result "1-0"]
[ECO "E15"]
[WhiteElo "2443"]
[BlackElo "2435"]
[Annotator "NA"]
[PlyCount "103"]
[EventDate "2019.11.10"]
[EventType "team-tourn"]
[EventCountry "MNE"]
[SourceTitle "playchess.com"]
[Source "ChessBase"]
[SourceQuality "1"]
[WhiteTeam "Cercle d`Echecs"]
[BlackTeam "Novy Bor"]
[TimeControl "40/5400+30:1800+30"]

1. d4 Nf6 2. c4 e6 3. Nf3 b6 4. g3 Bb7 5. Bg2 g6 6. Nc3 Bg7 7. d5 O-O 8. O-O exd5 9. cxd5 Re8 10. Nd4 Na6 11. Ndb5 d6 12. Bg5 h6 13. Bxf6 Bxf6 14. Rc1 Nc5 15. b4 a6 16. Nd4 Nd7 17. e3 Ne5 18. Re1 Bg7 19. Qe2 Qd7 20. Red1 Re7 21. h3 Qd8 22. Nc6 Nxc6 23. dxc6 Bc8 24. Nd5 Re8 25. Nxb6 Rb8 26. Nd5 h5 27. a3 Be6 28. Nf4 Rb5 29. Bd5 h4 30. g4 Qf6 31. Rc4 g5 32. Nh5 Qg6 33. Nxg7 Kxg7 34. Rcd4 Bxd5 35. Rxd5 Rb6 36. Qc4 f6 37. Rf5 Re5 38. Rxd6 cxd6 39. Rxe5 fxe5 40. c7 d5 41. Qxd5 Rc6 42. Qd7+ Kh6 43. c8=Q Rxc8 44. Qxc8 Qb1+ 45. Kg2 Qe4+ 46. Kh2 Qd5 47. Qf8+ Kh7 48. Qf5+ Kh6 49. Qf6+ Kh7 50. Qxg5 Qa2 51. Qxh4+ Kg7 52. Qg5+ 1-0

[Event "24th European Women Club Cup 2019"]
[Site "Ulcinj"]
[Date "2019.11.13"]
[Round "4.3"]
[White "Hoang, Thanh Trang"]
[Black "Socko, Monika"]
[Result "1/2-1/2"]
[ECO "A48"]
[WhiteElo "2414"]
[BlackElo "2417"]
[Annotator "NA"]
[PlyCount "100"]
[EventDate "2019.11.10"]
[EventType "team-tourn"]
[EventCountry "MNE"]
[SourceTitle "playchess.com"]
[Source "ChessBase"]
[SourceQuality "1"]
[WhiteTeam "Novy Bor"]
[BlackTeam "Cercle d`Echecs"]
[TimeControl "40/5400+30:1800+30"]

1. d4 Nf6 2. Nf3 g6 3. Bf4 Bg7 4. e3 d6 5. h3 O-O 6. c3 Nc6 7. Be2 Re8 8. O-O Bd7 9. Bh2 e5 10. dxe5 dxe5 11. Nbd2 e4 12. Nd4 Ne5 13. Nc4 Nxc4 14. Bxc4 Qe7 15. Qb3 c5 16. Nb5 Bxb5 17. Qxb5 Red8 18. Rfd1 Rac8 19. a4 g5 20. Qb3 g4 21. h4 Nh5 22. Rxd8+ Rxd8 23. Rd1 Rd7 24. Be2 Nf6 25. Rxd7 Qxd7 26. Qd1 h5 27. Qxd7 Nxd7 28. f3 exf3 29. gxf3 Ne5 30. fxg4 hxg4 31. Kg2 f5 32. Bf4 c4 33. Bxe5 Bxe5 34. Bxc4+ Kg7 35. a5 Bc7 36. Bd5 Bxa5 37. Bxb7 Bb6 38. Bc8 Kg6 39. e4 Kh5 40. exf5 Bd8 41. c4 Kxh4 42. c5 Kg5 43. b4 Bc7 44. Kf2 Kf6 45. Be6 g3+ 46. Kf3 Be5 47. b5 Bd4 48. c6 Be5 49. Ke3 Bc7 50. Kf3 Ke5 {Ke4+} 1/2-1/2

[Event "24th European Women Club Cup 2019"]
[Site "Ulcinj"]
[Date "2019.11.13"]
[Round "4.4"]
[White "Skripchenko, Almira"]
[Black "Rodshtein, Tereza"]
[Result "1-0"]
[ECO "C54"]
[WhiteElo "2403"]
[BlackElo "2195"]
[Annotator "NA"]
[PlyCount "45"]
[EventDate "2019.11.10"]
[EventType "team-tourn"]
[EventCountry "MNE"]
[SourceTitle "playchess.com"]
[Source "ChessBase"]
[SourceQuality "1"]
[WhiteTeam "Cercle d`Echecs"]
[BlackTeam "Novy Bor"]
[TimeControl "40/5400+30:1800+30"]

1. e4 e5 2. Nf3 Nc6 3. Bc4 Bc5 4. c3 Nf6 5. d3 a6 6. O-O O-O 7. d4 Ba7 8. dxe5 Nxe4 9. Bd5 Nc5 10. Bg5 Qe8 11. Re1 b5 12. b4 Ne6 13. Nbd2 Bb7 14. Ne4 Nxg5 15. Nfxg5 Qxe5 16. Nxf7 Rxf7 17. Bxf7+ Kxf7 18. Qxd7+ Ne7 19. Nc5 Qf6 20. Re6 Qh4 21. Nxb7 Bxf2+ 22. Kh1 Re8 23. Rf1 1-0

[Event "24th European Women Club Cup 2019"]
[Site "Ulcinj"]
[Date "2019.11.13"]
[Round "4.5"]
[White "Muzychuk, Mariya"]
[Black "Mammadzada, Gunay"]
[Result "1-0"]
[ECO "D10"]
[WhiteElo "2552"]
[BlackElo "2427"]
[Annotator "ChessBase"]
[PlyCount "67"]
[EventDate "2019.11.10"]
[EventType "team-tourn"]
[EventCountry "MNE"]
[SourceTitle "playchess.com"]
[Source "ChessBase"]
[SourceQuality "1"]
[WhiteTeam "Kyiv"]
[BlackTeam "Odlar Yurdu"]
[TimeControl "40/5400+30:1800+30"]

1. d4 d5 2. c4 c6 3. Nc3 Nf6 4. cxd5 cxd5 5. Bf4 Nc6 6. e3 Bg4 7. Qb3 Na5 8. Qa4+ Bd7 9. Qc2 e6 10. Bd3 Be7 11. Nf3 Nc6 12. a3 Nh5 13. Be5 f6 14. Bg3 f5 15. Be5 Nf6 16. O-O O-O 17. b4 Rc8 18. Qb2 Ne4 19. Rac1 Be8 20. Ne2 g5 21. Rfd1 Bh5 22. b5 Nxe5 23. Nxe5 Qa5 24. f3 Bxa3 25. Ra1 Nc3 26. Nxc3 Rxc3 27. Qd2 Qc7 28. Nd7 Rf7 29. Nc5 Rxc5 30. Rxa3 Rc4 31. Bxc4 Qxc4 32. Qb2 Rc7 33. Raa1 Rf7 34. Rdc1 1-0

[Event "24th European Women Club Cup 2019"]
[Site "Ulcinj"]
[Date "2019.11.13"]
[Round "4.6"]
[White "Mammadova, Gulnar"]
[Black "Muzychuk, Anna"]
[Result "1/2-1/2"]
[ECO "C50"]
[WhiteElo "2369"]
[BlackElo "2543"]
[Annotator "ChessBase"]
[PlyCount "47"]
[EventDate "2019.11.10"]
[EventType "team-tourn"]
[EventCountry "MNE"]
[SourceTitle "playchess.com"]
[Source "ChessBase"]
[SourceQuality "1"]
[WhiteTeam "Odlar Yurdu"]
[BlackTeam "Kyiv"]
[TimeControl "40/5400+30:1800+30"]

1. e4 e5 2. Nf3 Nc6 3. Bc4 Bc5 4. d3 Nf6 5. Nc3 a6 6. Bg5 h6 7. Bxf6 Qxf6 8. Nd5 Qd8 9. c3 d6 10. d4 exd4 11. cxd4 Ba7 12. h3 Ne7 13. Nxe7 Qxe7 14. O-O O-O 15. Re1 c6 16. Rc1 Bd7 17. b4 Rac8 18. Bb3 Rfe8 19. Qd3 Qf6 20. Rcd1 Qg6 21. Nh4 Qf6 22. Nf3 Qg6 23. Nh4 Qf6 24. Nf3 1/2-1/2

[Event "24th European Women Club Cup 2019"]
[Site "Ulcinj"]
[Date "2019.11.13"]
[Round "4.7"]
[White "Abdumalik, Zhansaya"]
[Black "Balajayeva, Khanim"]
[Result "1-0"]
[ECO "C97"]
[WhiteElo "2472"]
[BlackElo "2368"]
[Annotator "ChessBase"]
[PlyCount "99"]
[EventDate "2019.11.10"]
[EventType "team-tourn"]
[EventCountry "MNE"]
[SourceTitle "playchess.com"]
[Source "ChessBase"]
[SourceQuality "1"]
[WhiteTeam "Kyiv"]
[BlackTeam "Odlar Yurdu"]
[TimeControl "40/5400+30:1800+30"]

1. e4 e5 2. Nf3 Nc6 3. Bb5 a6 4. Ba4 Nf6 5. O-O Be7 6. Re1 b5 7. Bb3 d6 8. c3 O-O 9. h3 Na5 10. Bc2 c5 11. d4 Qc7 12. d5 Bd7 13. b3 Nb7 14. c4 Na5 15. Nbd2 bxc4 16. Nxc4 Nxc4 17. bxc4 Rfb8 18. Bd2 Rb7 19. Bc3 g6 20. Nd2 Nh5 21. Nb3 a5 22. a4 Qd8 23. Qf3 Rba7 24. Reb1 Qe8 25. Nd2 Nf4 26. Kh2 Rb8 27. Rb5 Bxb5 28. cxb5 Bd8 29. Nc4 Qe7 30. Rb1 Bb6 31. g3 Nh5 32. Qe3 f6 33. Nxb6 Rxb6 34. Qd2 Rb8 35. Bxa5 Qe8 36. Bc3 Rf7 37. b6 Qc8 38. Qe2 Ra8 39. a5 c4 40. Ba4 f5 41. Bc6 Rb8 42. b7 Rbxb7 43. Rxb7 Rxb7 44. Bxb7 Qxb7 45. Qxc4 Nf6 46. a6 Qb8 47. exf5 Nd7 48. fxg6 hxg6 49. Qc6 Nc5 50. Bxe5 1-0

[Event "24th European Women Club Cup 2019"]
[Site "Ulcinj"]
[Date "2019.11.13"]
[Round "4.8"]
[White "Mamedjarova, Zeinab"]
[Black "Gaponenko, Inna"]
[Result "1/2-1/2"]
[ECO "D20"]
[WhiteElo "2280"]
[BlackElo "2427"]
[Annotator "NA"]
[PlyCount "77"]
[EventDate "2019.11.10"]
[EventType "team-tourn"]
[EventCountry "MNE"]
[SourceTitle "playchess.com"]
[Source "ChessBase"]
[SourceQuality "1"]
[WhiteTeam "Odlar Yurdu"]
[BlackTeam "Kyiv"]
[TimeControl "40/5400+30:1800+30"]

1. d4 d5 2. c4 dxc4 3. e4 e5 4. Nf3 Bb4+ 5. Bd2 Bxd2+ 6. Nbxd2 exd4 7. Bxc4 Nc6 8. O-O Qf6 9. Re1 Nge7 10. e5 Qg6 11. Ne4 O-O 12. Neg5 Be6 13. Nxe6 fxe6 14. Nxd4 Rad8 15. Nxc6 Nxc6 16. Qb1 Qf7 17. f3 Rd2 18. Kh1 Rfd8 19. b4 Nd4 20. Rd1 Rxd1+ 21. Qxd1 Qe7 22. a3 Qg5 23. Qg1 Qxe5 24. Re1 Qf6 25. Qf2 b5 26. Ba2 Kh8 27. f4 c6 28. g3 g6 29. Bb1 Rd7 30. Qb2 Kg7 31. Qc3 Kf7 32. Be4 Qd8 33. Qc5 Qe7 34. Qe5 Qf6 35. Qb8 Qd8 36. Qe5 Qf6 37. Qc5 Qe7 38. Qe5 Qf6 39. Qg5 1/2-1/2

[Event "24th European Women Club Cup 2019"]
[Site "Ulcinj"]
[Date "2019.11.13"]
[Round "4.9"]
[White "Dzagnidze, Nana"]
[Black "Khademalsharieh, Sarasadat"]
[Result "1-0"]
[ECO "A10"]
[WhiteElo "2502"]
[BlackElo "2491"]
[Annotator "ChessBase"]
[PlyCount "85"]
[EventDate "2019.11.10"]
[EventType "team-tourn"]
[EventCountry "MNE"]
[SourceTitle "playchess.com"]
[Source "ChessBase"]
[SourceQuality "1"]
[WhiteTeam "Nona"]
[BlackTeam "Pentole Agnelli"]
[TimeControl "40/5400+30:1800+30"]

1. c4 b6 2. Nf3 Bb7 3. b3 Nf6 4. Bb2 g6 5. d4 Bg7 6. g3 O-O 7. Bg2 c5 8. dxc5 bxc5 9. O-O d6 10. e3 Nbd7 11. Qe2 Qb6 12. Rd1 Ne4 13. Bxg7 Kxg7 14. Ne1 Rfd8 15. f3 Nef6 16. Nc3 Bc6 17. Nd3 Ne5 18. f4 Nxd3 19. Rxd3 Qb7 20. e4 e5 21. Rad1 Qe7 22. Qd2 Ne8 23. fxe5 Qxe5 24. Qf4 f6 25. Qxe5 fxe5 26. Bh3 Rab8 27. Be6 Rb7 28. Bd5 Bxd5 29. Rxd5 Rdb8 30. Nb5 Rxb5 31. cxb5 Rxb5 32. Kg2 Kf7 33. R5d2 Ke6 34. g4 Rb6 35. g5 Ng7 36. Rf1 Nh5 37. Rf8 Rb7 38. Re8+ Kf7 39. Rd8 Nf4+ 40. Kf1 d5 41. exd5 Ke7 42. Rc8 Kd6 43. Rc6+ {[%emt 0:00:10] Kxd5} 1-0

[Event "24th European Women Club Cup 2019"]
[Site "Ulcinj"]
[Date "2019.11.13"]
[Round "4.10"]
[White "Paehtz, Elisabeth"]
[Black "Javakhishvili, Lela"]
[Result "1/2-1/2"]
[ECO "E01"]
[WhiteElo "2484"]
[BlackElo "2457"]
[Annotator "ChessBase"]
[PlyCount "61"]
[EventDate "2019.11.10"]
[EventType "team-tourn"]
[EventCountry "MNE"]
[SourceTitle "playchess.com"]
[Source "ChessBase"]
[SourceQuality "1"]
[WhiteTeam "Pentole Agnelli"]
[BlackTeam "Nona"]
[TimeControl "40/5400+30:1800+30"]

1. d4 Nf6 2. c4 e6 3. g3 d5 4. Bg2 dxc4 5. Qa4+ Bd7 6. Qxc4 c5 7. dxc5 Bc6 8. Nf3 Bd5 9. Qa4+ Bc6 10. Qc4 Bd5 11. Qc2 Be4 12. Qd2 Nbd7 13. Nc3 Bxc5 14. O-O Bc6 15. Qf4 Qe7 16. Nh4 Bd6 17. Qd4 Bxg2 18. Nxg2 O-O 19. Rd1 Bc5 20. Qh4 Rfd8 21. Be3 Bxe3 22. Nxe3 Nb6 23. Qg5 Qb4 24. Qb5 Qxb5 25. Nxb5 a6 26. Nc3 Kf8 27. f4 Ke7 28. Kg2 Rac8 29. Kf3 Rxd1 30. Rxd1 Nc4 31. Nxc4 1/2-1/2

[Event "24th European Women Club Cup 2019"]
[Site "Ulcinj"]
[Date "2019.11.13"]
[Round "4.11"]
[White "Batsiashvili, Nino"]
[Black "Brunello, Marina"]
[Result "1-0"]
[ECO "D00"]
[WhiteElo "2422"]
[BlackElo "2378"]
[Annotator "NA"]
[PlyCount "65"]
[EventDate "2019.11.10"]
[EventType "team-tourn"]
[EventCountry "MNE"]
[SourceTitle "playchess.com"]
[Source "ChessBase"]
[SourceQuality "1"]
[WhiteTeam "Nona"]
[BlackTeam "Pentole Agnelli"]
[TimeControl "40/5400+30:1800+30"]

1. d4 d5 2. Bf4 c5 3. e3 cxd4 4. exd4 Nc6 5. Nf3 Bf5 6. Bb5 e6 7. Ne5 Qb6 8. c4 f6 9. Nxc6 bxc6 10. Ba4 Kf7 11. O-O Qxb2 12. Qb3 Qxb3 13. axb3 Ne7 14. Nd2 a5 15. Rfc1 Ng6 16. Be3 Ra6 17. cxd5 cxd5 18. Rc7+ Be7 19. b4 Rha8 20. b5 Rb6 21. Ra3 Kf8 22. Rac3 Bb4 23. R3c6 Rab8 24. Nb3 Rxc6 25. bxc6 e5 26. dxe5 fxe5 27. Nc5 d4 28. Nd7+ Bxd7 29. cxd7 Rd8 30. Rc8 Be7 31. Bd2 Nf4 32. Bxa5 Ne6 33. Bb3 1-0

[Event "24th European Women Club Cup 2019"]
[Site "Ulcinj"]
[Date "2019.11.13"]
[Round "4.12"]
[White "Tomilova, Elena"]
[Black "Khotenashvili, Bela"]
[Result "1/2-1/2"]
[ECO "E91"]
[WhiteElo "2345"]
[BlackElo "2446"]
[Annotator "NA"]
[PlyCount "102"]
[EventDate "2019.11.10"]
[EventType "team-tourn"]
[EventCountry "MNE"]
[SourceTitle "playchess.com"]
[Source "ChessBase"]
[SourceQuality "1"]
[WhiteTeam "Pentole Agnelli"]
[BlackTeam "Nona"]
[TimeControl "40/5400+30:1800+30"]

1. c4 g6 2. e4 Bg7 3. d4 d6 4. Nc3 Nf6 5. Nf3 O-O 6. Be2 Nbd7 7. e5 Ne8 8. h4 c5 9. exd6 Nxd6 10. h5 cxd4 11. Nxd4 Nf6 12. hxg6 hxg6 13. Be3 Nf5 14. Nxf5 Qxd1+ 15. Rxd1 Bxf5 16. b3 b6 17. Nb5 Be4 18. Bf3 Bxf3 19. gxf3 Rfc8 20. a4 a6 21. Nc3 Rab8 22. Ke2 Rb7 23. Nd5 Nxd5 24. Rxd5 Kf8 25. f4 f5 26. Rhd1 Ke8 27. R1d3 Bf6 28. Kd1 Bg7 29. a5 bxa5 30. Rxa5 Rc6 31. Rad5 Rc8 32. Kc2 Bf6 33. Bd2 Bh4 34. Rh3 Bf6 35. Rg3 Kf7 36. Ra5 Rc6 37. Rd3 Bh4 38. f3 Ke8 39. Rad5 Rb8 40. Bc3 Kf7 41. Rd1 Bf6 42. Rd8 Rxd8 43. Rxd8 e5 44. Rd5 exf4 45. Bd2 Ke6 46. Bxf4 g5 47. Bd2 Rd6 48. Ra5 Rc6 49. Kd3 Rd6+ 50. Kc2 Rc6 51. Kd3 Rd6+ {[%emt 0:00:05] Ke4 Ke5+} 1/2-1/2

[Event "24th European Women Club Cup 2019"]
[Site "Ulcinj"]
[Date "2019.11.13"]
[Round "4.13"]
[White "Gunina, Valentina"]
[Black "Bodnaruk, Anastasia"]
[Result "1-0"]
[ECO "E73"]
[WhiteElo "2509"]
[BlackElo "2412"]
[Annotator "ChessBase"]
[PlyCount "92"]
[EventDate "2019.11.10"]
[EventType "team-tourn"]
[EventCountry "MNE"]
[SourceTitle "playchess.com"]
[Source "ChessBase"]
[SourceQuality "1"]
[WhiteTeam "Maribor"]
[BlackTeam "SPB"]
[TimeControl "40/5400+30:1800+30"]

1. d4 Nf6 2. c4 g6 3. Nc3 Bg7 4. e4 d6 5. Be2 O-O 6. Be3 e5 7. d5 Na6 8. g4 Nc5 9. f3 a5 10. h4 c6 11. h5 cxd5 12. cxd5 a4 13. Qd2 Re8 14. Bb5 Bd7 15. Bxd7 Qxd7 16. Nge2 b5 17. Ng3 b4 18. Nce2 Qb5 19. Rd1 Qc4 20. g5 Nfd7 21. Nc1 Rac8 22. Qh2 Nf8 23. Qe2 Na6 24. Qxc4 Rxc4 25. Nd3 Rec8 26. Nf1 Nd7 27. Bf2 R4c7 28. Ne3 Rb8 29. Ke2 b3 30. a3 Bf8 31. hxg6 fxg6 32. Rc1 Rbc8 33. Rxc7 Rxc7 34. Bg3 Ndc5 35. Nxc5 Rxc5 36. f4 exf4 37. Bxf4 Rc8 38. Ng4 Bg7 39. Bxd6 Rc2+ 40. Ke3 Rxb2 41. e5 Rc2 42. Nf6+ Bxf6 43. gxf6 Rc3+ 44. Kd4 Rf3 45. e6 Rxf6 46. e7 Nc7 1-0

[Event "24th European Women Club Cup 2019"]
[Site "Ulcinj"]
[Date "2019.11.13"]
[Round "4.14"]
[White "Ovod, Evgenija"]
[Black "Caglar, Sila"]
[Result "1/2-1/2"]
[ECO "B06"]
[WhiteElo "2347"]
[BlackElo "2242"]
[Annotator "NA"]
[PlyCount "102"]
[EventDate "2019.11.10"]
[EventType "team-tourn"]
[EventCountry "MNE"]
[SourceTitle "playchess.com"]
[Source "ChessBase"]
[SourceQuality "1"]
[WhiteTeam "SPB"]
[BlackTeam "Maribor"]
[TimeControl "40/5400+30:1800+30"]

1. e4 g6 2. d4 Bg7 3. c3 d6 4. Bd3 Nf6 5. Nf3 O-O 6. O-O Nc6 7. Re1 e5 8. Nbd2 a5 9. Bb5 Bd7 10. a4 exd4 11. cxd4 Re8 12. h3 Nb4 13. Bf1 Bc6 14. d5 Bd7 15. Qb3 b6 16. Bc4 Qe7 17. Re2 Bc8 18. Nd4 Nd7 19. Nb5 Ba6 20. Ra3 Nc5 21. Qd1 Qd7 22. f3 c6 23. dxc6 Qxc6 24. b3 Bb7 25. Nf1 d5 26. exd5 Nxd5 27. Raa2 Nc3 28. Nxc3 Bxc3 29. Bb5 Red8 30. Qxd8+ Rxd8 31. Bxc6 Bxc6 32. Bb2 Bb4 33. Bf6 Rd6 34. Be5 Rd7 35. Nd2 f5 36. Rc2 Bb7 37. Nc4 Rd1+ 38. Kh2 Ba6 39. Bc7 Nxb3 40. Bxb6 Na1 41. Bxa5 Nxc2 42. Rxc2 Bxa5 43. Nxa5 Ra1 44. Nc6 Rxa4 45. Ne5 Rb4 46. Rc6 Be2 47. Rc8+ Kg7 48. Rc2 Bb5 49. Rc7+ Kf6 50. Nd7+ Bxd7 51. Rxd7 h5 1/2-1/2

[Event "24th European Women Club Cup 2019"]
[Site "Ulcinj"]
[Date "2019.11.13"]
[Round "4.15"]
[White "Vidic, Teja"]
[Black "Belenkaya, Dina"]
[Result "1-0"]
[ECO "B01"]
[WhiteElo "2189"]
[BlackElo "2302"]
[Annotator "NA"]
[PlyCount "75"]
[EventDate "2019.11.10"]
[EventType "team-tourn"]
[EventCountry "MNE"]
[SourceTitle "playchess.com"]
[Source "ChessBase"]
[SourceQuality "1"]
[WhiteTeam "Maribor"]
[BlackTeam "SPB"]
[TimeControl "40/5400+30:1800+30"]

1. e4 d5 2. exd5 Qxd5 3. Nc3 Qd8 4. Nf3 Nf6 5. d4 c6 6. g3 g6 7. Bg2 Bg7 8. O-O O-O 9. h3 h5 10. Re1 Na6 11. Bg5 Nc7 12. Qe2 Ne6 13. Be3 Qc7 14. Rad1 Rd8 15. Ne5 a6 16. Qc4 Ne8 17. Qb3 Bxe5 18. dxe5 Rxd1 19. Rxd1 Qxe5 20. Na4 Nd6 21. c4 b5 22. cxb5 Qxb5 23. Qc2 Bb7 24. Nc5 Nxc5 25. Bxc5 Rd8 26. b4 Ba8 27. Bf1 Qb7 28. Qa4 Qb8 29. Qxa6 Rd7 30. Bg2 Bb7 31. Qe2 Qa8 32. h4 Qa4 33. Bh3 Rd8 34. Rd2 Kf8 35. Qe5 f6 36. Qe3 g5 37. hxg5 Bc8 38. gxf6 1-0

[Event "24th European Women Club Cup 2019"]
[Site "Ulcinj"]
[Date "2019.11.13"]
[Round "4.16"]
[White "Styazhkina, Anna"]
[Black "Mihevc-Mohr, Narcisa"]
[Result "1-0"]
[ECO "B34"]
[WhiteElo "2280"]
[BlackElo "1982"]
[Annotator "NA"]
[PlyCount "75"]
[EventDate "2019.11.10"]
[EventType "team-tourn"]
[EventCountry "MNE"]
[SourceTitle "playchess.com"]
[Source "ChessBase"]
[SourceQuality "1"]
[WhiteTeam "SPB"]
[BlackTeam "Maribor"]
[TimeControl "40/5400+30:1800+30"]

1. e4 c5 2. Nf3 Nc6 3. d4 cxd4 4. Nxd4 Nf6 5. Nc3 e5 6. Ndb5 d6 7. Bg5 a6 8. Bxf6 gxf6 9. Na3 b5 10. Nd5 Bg7 11. c3 f5 12. Bd3 Be6 13. Qh5 O-O 14. exf5 e4 15. Bxe4 Bxd5 16. Bxd5 Qe7+ 17. Kf1 Rac8 18. Re1 Qf6 19. Nc2 Ne5 20. Ne3 b4 21. c4 Nd3 22. Rd1 Nxb2 23. Rd2 Qc3 24. Ke2 Qe5 25. Rc1 Na4 26. Kf1 Qf4 27. g3 Qh6 28. Qxh6 Bxh6 29. f4 Bg7 30. Bb7 Rcd8 31. Nd5 Nc5 32. Bc6 Ne4 33. Ne7+ Kh8 34. Bxe4 Rde8 35. f6 Bxf6 36. Nd5 Bc3 37. Nxc3 bxc3 38. Re2 1-0

[Event "24th European Women Club Cup 2019"]
[Site "Ulcinj"]
[Date "2019.11.13"]
[Round "4.17"]
[White "Salimova, Nurgyul"]
[Black "Injac, Teodora"]
[Result "1-0"]
[ECO "E90"]
[WhiteElo "2370"]
[BlackElo "2257"]
[Annotator "NA"]
[PlyCount "211"]
[EventDate "2019.11.10"]
[EventType "team-tourn"]
[EventCountry "MNE"]
[SourceTitle "playchess.com"]
[Source "ChessBase"]
[SourceQuality "1"]
[WhiteTeam "Asseco SEE"]
[BlackTeam "Jelica PEP"]
[TimeControl "40/5400+30:1800+30"]

1. d4 Nf6 2. c4 g6 3. Nc3 Bg7 4. e4 d6 5. Nf3 O-O 6. h3 e5 7. d5 a5 8. g4 Na6 9. Be3 Nc5 10. Nd2 c6 11. Be2 Bd7 12. g5 Ne8 13. h4 Nc7 14. Nb3 N7a6 15. Nxc5 Nxc5 16. Bxc5 dxc5 17. Qd2 a4 18. O-O-O a3 19. b3 Qa5 20. h5 Rfd8 21. hxg6 hxg6 22. Qe3 cxd5 23. Nxd5 Be6 24. Nf6+ Kf8 25. Rd5 Bxd5 26. exd5 Ra6 27. Ne4 Qc7 28. Qxc5+ Qxc5 29. Nxc5 Ra7 30. Ne4 b5 31. Rd1 bxc4 32. Bxc4 Rb7 33. Kc2 Rb6 34. d6 Kg8 35. f3 Kf8 36. Rd5 Kg8 37. Ra5 Rb7 38. Rxa3 Bf8 39. Ra6 Kg7 40. a4 Rbd7 41. Bb5 Rxd6 42. Nxd6 Bxd6 43. Ra7 Bc5 44. Rb7 Be3 45. Bc4 Bxg5 46. Rxf7+ Kh6 47. a5 Be3 48. a6 Kg5 49. Bd3 Ra8 50. b4 Ra7 51. Rxa7 Bxa7 52. Kc3 Kf6 53. Kc4 Ke6 54. Bxg6 Kd6 55. Be4 Bf2 56. Bg6 Bg1 57. Kb5 Kc7 58. Ka5 Bb6+ 59. Ka4 Bf2 60. Kb3 Bg1 61. Kc2 Ba7 62. Bf7 Bb6 63. Kd3 Ba7 64. Ke4 Kd6 65. Kf5 Bf2 66. Be8 Bd4 67. Ba4 Bf2 68. Kf6 Bd4 69. Kf7 Be3 70. Ke8 Kc7 71. Ke7 Kb6 72. Ke6 Bd4 73. Kd5 Ba1 74. b5 Bb2 75. Bc2 Ba1 76. Bd3 Bb2 77. Be4 Ba1 78. Kc4 Bb2 79. Bh7 Ba1 80. Bg8 Bb2 81. Bd5 Ba1 82. Bc6 Bb2 83. Kd5 Ba1 84. Kd6 Bd4 85. Ke6 Bb2 86. Kd7 Bd4 87. Kc8 Ka7 88. Kc7 Bb6+ 89. Kd6 Bd4 90. Kd5 Bb2 91. Kc5 Bd4+ 92. Kc4 Ba1 93. Bb7 Kb6 94. Bc8 Bb2 95. Kd5 Bc3 96. Bb7 Ba1 97. Kd6 Bd4 98. Kd7 Be3 99. Kc8 Ka7 100. Kc7 Bb6+ 101. Kc6 Bd4 102. Kd5 Bb2 103. f4 exf4 104. Kc5 Bc1 105. b6+ Kb8 106. Kc6 1-0